 Dungeon Crawl Stone Soup version 0.31-a0-196-g86fe4a5e66 (webtiles) character file.

Game seed: 4952980737484071005

240 qw the Skirmisher (level 5, 0/29 HPs)
             Began as a Deep Elf Hunter on June 24, 2023.
             Slain by an orc wizard
             ... wielding a +0 dagger
              (1 damage)
             ... on level 4 of the Dungeon.
             The game lasted 00:01:04 (2484 turns).

qw the Skirmisher (Deep Elf Hunter)                 Turns: 2484, Time: 00:01:04

Health: 0/29       AC:  9    Str: 10    XL:     5   Next: 79%
Magic:  0/7        EV: 12    Int: 14    God:
Gold:   228        SH:  0    Dex: 24    Spells: 4/4 levels left

rFire   . . .        Y - +0 shortbow
rCold   . . .        (shield currently unavailable)
rNeg    . . .        j - +0 ring mail
rPois   .            (no helmet)
rElec   .            (no cloak)
rCorr   .            m - +0 pair of gloves
SInv    .            h - +2 pair of boots
Will    .....        i - amulet of guardian spirit Stlth
                     o - +6 ring of dexterity
HPRegen 0.24/turn    (no ring)
MPRegen 0.10/turn

%: guardian spirit
@: confused
A: no striking features
a: no special abilities


You were on level 4 of the Dungeon.
You visited 1 branch of the dungeon, and saw 4 of its levels.

You collected 228 gold pieces.


   Skills:
 - Level 1.5 Fighting
 + Level 8.7 Ranged Weapons
 - Level 3.9 Dodging
 - Level 1.2 Stealth


You had 4 spell levels left.
You didn't know any spells.
Your spell library was empty.

Inventory:

Hand Weapons
 Y - a +0 shortbow (weapon)
Armour
 h - a +2 pair of boots (worn)
 j - a +0 ring mail (worn)
 m - a +0 pair of gloves (worn)
Jewellery
 i - an amulet of guardian spirit (around neck)
 o - a +6 ring of dexterity (left hand)
Scrolls
 g - a scroll of identify
Potions
 c - 3 potions of haste
 e - a potion of might
 f - a potion of cancellation {unknown}
 k - a potion of resistance {unknown}
 p - 2 potions of curing {unknown}

Dungeon Overview and Level Annotations

Branches:
Dungeon (4/15)
 Temple: D:4-7

Altars:
Ru


Message History

You shoot an arrow. The arrow hits the adder!
The adder is heavily wounded.
The adder misses you.
Something hits you but does no damage. x2
The adder barely misses you.
You shoot an arrow. The arrow completely misses the adder.
The adder closely misses you.
Something hits you but does no damage. x2
You shoot an arrow.
The arrow hits the adder but does no damage.
The adder is heavily wounded.
The adder barely misses you.
Something hits you but does no damage. x2
The adder completely misses you.
You shoot an arrow. The arrow barely misses the adder.
Something hits you. Something hits you but does no damage.
The adder barely misses you.
You shoot an arrow. The arrow misses the adder.
The adder bites you. Something hits you.
You hear some strange, mumbled words.
A puff of flame appears from out of thin air!
The puff of flame hits you. The adder bites you but does no damage.
You shoot an arrow. The arrow hits the adder.
The adder is severely wounded.
Something hits you but does no damage. Something hits you.
The adder bites you but does no damage. Something hits you but does no damage.
Something hits you.
You shoot an arrow. The arrow closely misses the adder.
The adder bites you but does no damage. Something hits you but does no damage.
The adder bites you but does no damage. Something hits you but does no damage.
You shoot an arrow. The arrow hits the adder.
You kill the adder!
Something hits you but does no damage.
You hear some strange, mumbled words.
You are confused.
The giant cockroach bites you but does no damage.
Something hits you but does no damage. Something hits you.
The giant cockroach bites you.
You hear some strange, mumbled words.
Something tries to affect you, but you resist.
Something completely misses you. The giant cockroach bites you.
Something hits you.
You die...

...................# ..
................##.##..#
###...........###......#
###.....#...............
.....)..................
##......................
...................#....
....#........##...##
#.%##..........)@..#
....#..........B{{......
##..#...............##..
###.......(.%...)...#
....###........%)##..#
....# .......... ....
...... .......... ....
.....# #........ ....
......


You could see a giant cockroach.

Vanquished Creatures
  A bullfrog (D:4)
  An orc priest (D:4)
  4 gnolls
  4 adders
  2 worms (D:2)
  2 dart slugs (D:2)
  4 orcs
  7 ball pythons
  5 endoplasms
  2 giant cockroaches (D:2)
  2 goblins (D:3)
  5 hobgoblins
  7 jackals
  2 quokkas
  3 bats (D:2)
  2 frilled lizards
  2 kobolds (D:2)
  7 rats
62 creatures vanquished.

Vanquished Creatures (others)
  An endoplasm (D:2)
1 creature vanquished.

Grand Total: 63 creatures vanquished

Notes
Turn   | Place    | Note
-------+----------+-------------------------------------------
     0 | D:1      | qw the Deep Elf Hunter began the quest for the Orb.
     0 | D:1      | Reached XP level 1. HP: 12/12 MP: 3/3
     0 | D:1      | 0 ||| qw: Version: 0.3-a-9-g12657ce
     0 | D:1      | 0 ||| qw: Game counter: 4833
     0 | D:1      | 0 ||| qw: Always use a shield: true
     0 | D:1      | 0 ||| qw: God list: Okawaru
     0 | D:1      | 0 ||| qw: Allow faded altars: false
     0 | D:1      | 0 ||| qw: Do Orc after D:15 true
     0 | D:1      | 0 ||| qw: Do second Lair branch before Depths: true
     0 | D:1      | 0 ||| qw: Lair rune preference: random
     0 | D:1      | 0 ||| qw: Plans: Normal
     0 | D:1      | 0 ||| PLANNING D:1-11
   555 | D:1      | Found a faded altar of an unknown god.
   574 | D:1      | 574 ||| UPGRADING to +2 pair of boots.
   579 | D:1      | 579 ||| UPGRADING to amulet of guardian spirit.
   584 | D:1      | 584 ||| READING scroll labelled YXOATSA SAMUENN.
   585 | D:1      | 585 ||| READING 2 scrolls labelled ITTUET QAIJI.
   586 | D:1      | 586 ||| DROPPING scroll of butterflies.
   629 | D:2      | Reached skill level 6 in Ranged Weapons
   629 | D:2      | Reached XP level 2. HP: 16/16 MP: 4/4
   753 | D:2      | Reached XP level 3. HP: 19/20 MP: 5/5
   762 | D:2      | Reached skill level 7 in Ranged Weapons
   762 | D:2      | 762 ||| FLEEEEING.
   763 | D:2      | 763 ||| FLEEEEING.
   764 | D:2      | 764 ||| FLEEEEING.
   765 | D:2      | 765 ||| FLEEEEING.
   766 | D:2      | 766 ||| FLEEEEING.
   767 | D:2      | 767 ||| FLEEEEING.
   768 | D:2      | 768 ||| FLEEEEING.
   769 | D:2      | 769 ||| FLEEEEING.
   770 | D:2      | 770 ||| FLEEEEING.
   771 | D:2      | 771 ||| FLEEEEING.
   772 | D:2      | 772 ||| FLEEEEING.
   773 | D:2      | 773 ||| FLEEEEING.
   774 | D:2      | 774 ||| FLEEEEING.
   775 | D:2      | 775 ||| FLEEEEING.
   776 | D:2      | 776 ||| STAIRDANCE
   780 | D:1      | 780 ||| READING 2 scrolls of identify.
   780 | D:1      | 780 ||| IDENTIFYING metallic amethyst potion
   784 | D:2      | 784 ||| STAIRDANCE
   982 | D:2      | Reached XP level 4. HP: 25/25 MP: 6/6
  1429 | D:2      | 1429 ||| UPGRADING to +0 ring mail.
  1439 | D:2      | 1439 ||| DROPPING +0 leather armour.
  1440 | D:2      | 1440 ||| READING scroll labelled YTAAMOISUO.
  1441 | D:2      | 1441 ||| READING scroll labelled MIPLAHEUSI.
  1444 | D:2      | 1444 ||| READING scroll labelled ITOENE QYOZ.
  1501 | D:3      | HP: 6/25 [poisoned by an adder]
  1513 | D:3      | Reached skill level 8 in Ranged Weapons
  1515 | D:3      | 1515 ||| FLEEEEING.
  1516 | D:3      | 1516 ||| FLEEEEING.
  1517 | D:3      | 1517 ||| FLEEEEING.
  1518 | D:3      | 1518 ||| STAIRDANCE
  1666 | D:3      | Found a sacrificial altar of Ru.
  2179 | D:3      | 2179 ||| UPGRADING to +0 pair of gloves.
  2184 | D:3      | 2184 ||| UPGRADING to +6 ring of dexterity.
  2185 | D:3      | 2185 ||| READING 2 scrolls labelled MUYMMAU IV SYCLYT.
  2186 | D:3      | 2186 ||| READING scroll labelled GEREAKIKLU.
  2287 | D:3      | 2287 ||| READING scroll labelled XUBU MEMEKHIPN.
  2288 | D:3      | 2288 ||| READING 4 scrolls of identify.
  2288 | D:3      | 2288 ||| IDENTIFYING glowing clear potion
  2289 | D:3      | 2289 ||| READING 3 scrolls of identify.
  2289 | D:3      | 2289 ||| IDENTIFYING coppery potion
  2290 | D:3      | 2290 ||| READING 2 scrolls of identify.
  2290 | D:3      | 2290 ||| IDENTIFYING black potion
  2291 | D:3      | 2291 ||| DROPPING potion of degeneration.
  2292 | D:3      | 2292 ||| DROPPING scroll of vulnerability.
  2293 | D:3      | 2293 ||| DROPPING potion of lignification.
  2421 | D:4      | Noticed a bullfrog
  2426 | D:4      | Killed a bullfrog
  2427 | D:4      | Reached skill level 3 in Dodging
  2427 | D:4      | Reached XP level 5. HP: 29/29 MP: 7/7
  2478 | D:4      | HP: 6/29 [something/puff of flame (4)]
  2479 | D:4      | HP: 2/29 [something (2)]
  2484 | D:4      | HP: 1/29 [giant cockroach (2)]
  2484 | D:4      | Slain by an orc wizard

Levels and vault maps discovered:
D:1:      minmay_arrival_plants_in_alcoves, layout_loops_cross,
          shapermc_ecumenical_altar_pompeii, kennysheep_flooded_box,
          eino_curves_03
D:2:      layout_loops_ring, chequers_serial_rivers_small_3,
          grunt_decor_arrowhead, grunt_ministairs_6, kennysheep_nondescript
D:3:      layout_loops_ring, amcnicky_altar_gilded
D:4:      layout_cave_pools

Skill      XL: |  1  2  3  4 |
---------------+-------------+-----
Ranged Weapons | 6 7 8 |  8.7
Dodging        | 3 |  3.9
Fighting       | |  1.5
Stealth        | |  1.2

Action                     |  1- 3 |  4- 6 || total
---------------------------+-------+-------++-------
   Fire: Shortbow          |    97 |   115 ||   212
    Use: Scroll            |     3 |     9 ||    12
 Armour: Leather armour    |    12 |     1 ||    13
         Ring mail         |       |    52 ||    52
  Dodge: Dodged            |    29 |    43 ||    72

Table legend:
 A = Non-vault XP
 B = Vault XP
 C = Vault XP percentage of total XP
 D = Non-vault monster count
 E = Vault monster count
 F = Vault count percentage of total count
                 A         B        C        D         E       F
            +---------+---------+-------+---------+---------+-------
      Total |     339 |       4 |   1.2 |      60 |       2 |   3.2
            +---------+---------+-------+---------+---------+-------
        D:1 |      22 |       0 |   0.0 |       6 |       0 |   0.0
        D:2 |     109 |       4 |   3.5 |      31 |       2 |   6.1
        D:3 |      45 |       0 |   0.0 |      12 |       0 |   0.0
        D:4 |     163 |       0 |   0.0 |      11 |       0 |   0.0
            +---------+---------+-------+---------+---------+-------
